 Dungeon Crawl Stone Soup version 0.29-a0-360-g8ed1089bbe (webtiles) character file.

Game seed: 187834906900830079

14 jaega1 the Chopper (level 2, -5/26 HPs)
             Began as a Hill Orc Fighter on Apr 28, 2022.
             Slain by Natasha (7 damage)
             ... on level 2 of the Dungeon.
             The game lasted 00:01:26 (1055 turns).

jaega1 the Chopper (Hill Orc Fighter)               Turns: 1055, Time: 00:01:27

Health: -5/26      AC:  8    Str: 18    XL:     2   Next: 41%
Magic:  2/2        EV:  9    Int:  8    God:
Gold:   89         SH:  4    Dex: 10    Spells: 1/1 levels left

rFire   . . .      SeeInvis .   a - +0 war axe
rCold   . . .      Faith    .   c - +0 buckler
rNeg    . . .      Spirit   .   b - +0 scale mail
rPois   .          Reflect  .   k - +0 helmet
rElec   .          Harm     .   (no cloak)
rCorr   .          Rampage  .   (no gloves)
Will    .....                   (no boots)
Stlth   ..........              (no amulet)
HPRegen 0.08/turn               (no ring)
MPRegen 0.08/turn               (no ring)

@: slowed, very slow
A: no striking features
a: no special abilities


You were on level 2 of the Dungeon.
You visited 1 branch of the dungeon, and saw 2 of its levels.

You collected 89 gold pieces.

Inventory:

Hand Weapons
 a - a +0 war axe (weapon)
 i - a +0 hunting sling
Armour
 b - a +0 scale mail (worn)
 c - a +0 buckler (worn)
 k - a +0 helmet (worn)
Scrolls
 e - 2 scrolls of fog {unknown}
 g - a scroll of fear {unknown}
 h - 2 scrolls of magic mapping {unknown}
 j - a scroll of identify {unknown}
Potions
 d - a potion of might
 f - a potion of ambrosia {unknown}
 l - 2 potions of flight {unknown}


   Skills:
 - Level 3.6 Fighting
 + Level 4.0 Axes
 - Level 3.2 Armour
 - Level 3.2 Shields


You had one spell level left.
You didn't know any spells.
Your spell library was empty.

Dungeon Overview and Level Annotations

Branches:
Dungeon (2/15)

Altars:

Annotations:
D:2 Natasha


Message History

Natasha closely misses you. The shadow imp gestures at you.
Pain shoots through your body!
Natasha wildly gestures.
You feel troubled. Natasha claws you.
Unknown command.
You barely miss Natasha.
Natasha is lightly wounded.
You barely miss the shadow imp. The shadow imp closely misses you.
Natasha claws you but does no damage.
The shadow imp hits you but does no damage.
Natasha claws you.
You hit Natasha.
Natasha is moderately wounded.
You closely miss the shadow imp.
The shadow imp hits you but does no damage.
Natasha casts a spell.
Natasha claws you but does no damage.
You hit Natasha.
Natasha is severely wounded.
You hit the iron imp. Natasha casts a spell at you.
You feel as though you will be slow longer.
The iron imp hits you. Natasha casts a spell at you.
You resist with significant effort.
You closely miss Natasha.
Natasha is severely wounded.
You hit the iron imp. Natasha claws you but does no damage.
The iron imp hits you.
The white imp shouts, "Back with thee, thou villainous miscreant giglet!"
Natasha stares at you and mumbles some strange words.
You feel as though you will be slow longer.
You barely miss Natasha.
Natasha is severely wounded.
You barely miss the iron imp. The iron imp hits you!
* * * LOW HITPOINT WARNING * * *
Natasha claws you!
You die...

#..# #.......... ##.##
#..#.#.#.#.
#...###..........
#.....#..#.#.#.#.
#.#.#.#..........
##.....#.#.#..##..
#..#.#.....##)....
#......#..######..
##@######..##...... #h5#
#..##.#####
..h...55....##..........
.......####.........####
######[ #####.#...####
#. #......... #.
###..###.# #. #..#⌠#..
.. #..###.#


You could see an iron imp (summoned), Natasha, a white imp (summoned) and a
shadow imp (summoned).

Vanquished Creatures
  A giant cockroach (D:2)
  A goblin (D:2)
  A hobgoblin (D:1)
  A quokka (D:1)
  2 ball pythons (D:2)
  2 bats
  A frilled lizard (D:1)
  2 kobolds (D:1)
  2 rats
13 creatures vanquished.

Notes
Turn   | Place    | Note
-------+----------+-------------------------------------------
     0 | D:1      | jaega1 the Hill Orc Fighter began the quest for the Orb.
     0 | D:1      | Reached XP level 1. HP: 19/19 MP: 1/1
   183 | D:1      | Reached skill level 3 in Axes
   416 | D:1      | Reached XP level 2. HP: 21/26 MP: 2/2
   932 | D:2      | Reached skill level 4 in Axes
  1043 | D:2      | Noticed Natasha
  1055 | D:2      | Slain by Natasha

Illustrated notes

Levels and vault maps discovered:
D:1:      beargit_arrival_greenhouse, layout_basic
D:2:      layout_loops_ring, serial_shops, nicolae_shop_bloodbath_and_beyond,
          serial_glass, glass_columns_b, glass_columns_c, glass_columns_b,
          glass_columns_a, glass_columns_a, glass_columns_a, glass_columns_c,
          glass_columns_c, minmay_strange_pillars, item_on_display_a,
          feat_on_display, minmay_misc_feat_five, st_stairs_7,
          grunt_ministairs_14, uniq_natasha, uniq_crazy_yiuf_cottage

Skill      XL: |  1  2 |
---------------+-------+-----
Axes           | 3 4 |  4.0
Fighting       | |  3.6
Armour         | |  3.2
Shields        | |  3.2

Action                   || total
-------------------------++-------
Melee: War axe           ||    43
Armor: Scale mail        ||    21
Dodge: Dodged            ||    19
Block: Buckler           ||    10

Table legend: (Time is in decaauts)
 A = Elapsed time spent in this place.
 B = Non-inter-level travel time spent in this place.
 C = Inter-level travel time spent in this place.
 D = Time resting spent in this place.
 E = Time spent auto-exploring this place.
 F = Levels seen in this place.
 G = Mean time per level.
                   A        B        C        D        E       F      G
               +--------+--------+--------+--------+--------+-----+--------+
         Total |   1074 |   1016 |     58 |     55 |    797 |   2 |  537.0 |
       Dungeon |   1074 |   1016 |     58 |     55 |    797 |   2 |  537.0 |
               +--------+--------+--------+--------+--------+-----+--------+

Top non-repeatable levels by time:
     D:1: 860 daAuts
     D:2: 214 daAuts
